| TOP OF THE 1ST |
|
Kingsport Mets batting - Pitching for Grand Junction Rockies : RHP Jerry Dunne
|
|
Pitching: RHP Jerry Dunne
|
|
|
Batting: LHB Jeremy Moorehead
|
0-0: Called Strike 0-1: Fly out, F7 (Line Drive, 78S, EV 86.2 MPH)
|
|
Batting: LHB Matt Baker
|
0-0: Ball 1-0: Foul Ball, location: 2F 1-1: Ball 2-1: SINGLE (Groundball, 34D, EV 106.9 MPH)
|
|
Batting: LHB Miguel Ramos
|
0-0: Called Strike Matt Baker steals 2nd base 0-1: Ball 1-1: Called Strike 1-2: Fly out, F9 (Line Drive, 9D, EV 86.2 MPH)
|
|
Batting: RHB Coltin Nellis
|
0-0: Ball 1-0: Ground out 6-3 (Groundball, 6, EV 84.4 MPH)
|
| Top of the 1st over - 0 runs, 1 hit, 0 errors, 1 left on base; Kingsport 0 - Grand Junction 0 |
| BOTTOM OF THE 1ST |
|
Grand Junction Rockies batting - Pitching for Kingsport Mets : RHP Jose Herrera
|
|
Pitching: RHP Jose Herrera
|
|
|
Batting: RHB Juan Figueroa
|
0-0: SINGLE (Groundball, 6S, EV 71.9 MPH) (infield hit)
|
|
Batting: LHB Michael Krott
|
0-0: Ball Juan Figueroa steals 2nd base 1-0: Foul Ball, location: 2F 1-1: DOUBLE (Flyball, 78D, EV 86.9 MPH) Juan Figueroa scores
|
|
Batting: LHB Luke Coulter
|
0-0: Called Strike 0-1: Ball 1-1: DOUBLE (Flyball, 8LXD, EV 105.0 MPH) Michael Krott scores
|
|
Batting: RHB John Boyer
|
0-0: Foul Ball, location: 2F 0-1: Ball 1-1: Ball 2-1: Ball Passed Ball! Luke Coulter to third 3-1: Base on Balls
|
|
Batting: SHB Jeff Sorrels
|
0-0: Foul Ball, location: 2F 0-1: Fly out, F9 (Line Drive, 89M, EV 100.0 MPH) Runner from 3rd tags up, SCORES, no throw by RF
|
|
Batting: LHB Harry Folsom
|
0-0: Called Strike 0-1: Ball 1-1: Fly out, F8 (Flyball, 8RM, EV 88.1 MPH)
|
|
Batting: RHB John Stevenson
|
0-0: SINGLE (Groundball, 6MD, EV 105.0 MPH) John Boyer to second
|
|
Batting: RHB Willie Benito
|
0-0: Ball Passed Ball! John Boyer to third John Stevenson to second 1-0: Ground out 5-3 (Groundball, 5, EV 85.0 MPH)
|
| Bottom of the 1st over - 3 runs, 4 hits, 0 errors, 2 left on base; Kingsport 0 - Grand Junction 3 |
| TOP OF THE 2ND |
|
Kingsport Mets batting - Pitching for Grand Junction Rockies : RHP Jerry Dunne
|
|
Batting: SHB Nick Daigle
|
0-0: Ball 1-0: Foul Ball, location: 2F 1-1: Foul Ball, location: 2F 1-2: Foul Ball, location: 2F 1-2: Ground out 5-3 (Groundball, 56, EV 106.2 MPH)
|
|
Batting: RHB Danny Runberg
|
0-0: Foul Ball, location: 2F 0-1: Foul Ball, location: 2F 0-2: Ball 1-2: Strikes out looking
|
|
Batting: LHB Jason Jones
|
0-0: Called Strike 0-1: Ball 1-1: Called Strike 1-2: SINGLE (Groundball, 3S, EV 68.1 MPH) (infield hit)
|
|
Batting: RHB Warren Carmichael
|
0-0: Ball 1-0: Ball 2-0: Foul Ball, location: 2F 2-1: SINGLE (Line Drive, 89M, EV 105.6 MPH) Jason Jones to second
|
|
Batting: RHB Roberto Delgado
|
0-0: Swinging Strike 0-1: Ball 1-1: Ball 2-1: DOUBLE (Line Drive, 89D, EV 105.6 MPH) Jason Jones scores Warren Carmichael to third Runner from 3rd tries for Home, throw by RF and OUT! 9-4-2
|
| Top of the 2nd over - 1 run, 3 hits, 0 errors, 1 left on base; Kingsport 1 - Grand Junction 3 |
| BOTTOM OF THE 2ND |
|
Grand Junction Rockies batting - Pitching for Kingsport Mets : RHP Jose Herrera
|
|
Batting: RHB Jerry Edmiston
|
0-0: Ball 1-0: Ground out 4-3 (Groundball, 34, EV 98.8 MPH)
|
|
Batting: RHB Juan Figueroa
|
0-0: Ball 1-0: Called Strike 1-1: Ball 2-1: Called Strike 2-2: Foul Ball, location: 2F 2-2: Ball 3-2: Foul Ball, location: 2F 3-2: Ground out 6-3 (Groundball, 6M, EV 105.0 MPH)
|
|
Batting: LHB Michael Krott
|
0-0: Ball 1-0: Foul Ball, location: 2F 1-1: Ball 2-1: Foul Ball, location: 2F 2-2: Foul Ball, location: 2F 2-2: DOUBLE (Line Drive, 3D, EV 100.6 MPH)
|
|
Pitching: RHP Pat Sprague
|
|
|
Batting: LHB Luke Coulter
|
0-0: Ball Wild Pitch! Michael Krott to third 1-0: Ball 2-0: Ball 3-0: Base on Balls
|
|
Batting: RHB John Boyer
|
0-0: Foul Ball, location: 2F 0-1: Ball 1-1: Ball 2-1: Foul Ball, location: 2F 2-2: Foul Ball, location: 2F 2-2: Fly out, F9 (Flyball, 9, EV 87.5 MPH)
|
| Bottom of the 2nd over - 0 runs, 1 hit, 0 errors, 2 left on base; Kingsport 1 - Grand Junction 3 |
| TOP OF THE 3RD |
|
Kingsport Mets batting - Pitching for Grand Junction Rockies : RHP Jerry Dunne
|
|
Batting: LHB Jeremy Moorehead
|
0-0: Called Strike 0-1: Ball 1-1: Ball 2-1: Ball 3-1: Base on Balls
|
|
Batting: LHB Matt Baker
|
0-0: Ball Jeremy Moorehead steals 2nd base 1-0: Called Strike 1-1: Fly out, F8 (Flyball, 8RM, EV 87.5 MPH)
|
|
Batting: LHB Miguel Ramos
|
0-0: Ball 1-0: Foul Ball, location: 2F 1-1: Ball 2-1: SINGLE (Line Drive, 4MD, EV 97.5 MPH) Jeremy Moorehead to third Runner from 3rd tries for Home, SAFE, throw by CF to home
|
|
Batting: RHB Coltin Nellis
|
0-0: Swinging Strike 0-1: Foul Ball, location: 2F 0-2: Hit by Pitch Miguel Ramos to second
|
|
Batting: SHB Nick Daigle
|
0-0: Ball 1-0: Ball 2-0: Foul Ball, location: 2F 2-1: Ball 3-1: SINGLE (Groundball, 6D, EV 105.0 MPH) Miguel Ramos to third Coltin Nellis to second
|
|
Batting: RHB Danny Runberg
|
0-0: Ball 1-0: SINGLE (Groundball, 15S, EV 68.1 MPH) (infield hit) Miguel Ramos scores Coltin Nellis to third Nick Daigle to second
|
|
Batting: LHB Jason Jones
|
0-0: Foul Ball, location: 2F 0-1: Foul Ball, location: 2F 0-2: Foul Ball, location: 2F 0-2: Ball 1-2: GRAND SLAM HOME RUN (Line Drive, 9LD, EV 95.6 MPH), Distance : 352 ft
|
|
Pitching: RHP Manny Lebron
|
|
|
Batting: RHB Warren Carmichael
|
0-0: Ball 1-0: Swinging Strike 1-1: Foul Ball, location: 2F 1-2: Foul Ball, location: 2F 1-2: Ball 2-2: Strikes out looking
|
|
Batting: RHB Roberto Delgado
|
0-0: Ground out 5-3 (Groundball, 56, EV 103.1 MPH)
|
| Top of the 3rd over - 6 runs, 4 hits, 0 errors, 0 left on base; Kingsport 7 - Grand Junction 3 |
| BOTTOM OF THE 3RD |
|
Grand Junction Rockies batting - Pitching for Kingsport Mets : RHP Pat Sprague
|
|
Batting: SHB Jeff Sorrels
|
0-0: Ball 1-0: SINGLE (Flyball, 3D, EV 90.0 MPH)
|
|
Batting: LHB Harry Folsom
|
0-0: Foul Ball, location: 2F 0-1: Ball 1-1: Ball 2-1: Foul Ball, location: 2F 2-2: Ball 3-2: Base on Balls Jeff Sorrels to second
|
|
Pitching: RHP Antonio Reyes
|
|
|
Batting: RHB John Stevenson
|
0-0: Ball 1-0: Ball Passed Ball! Jeff Sorrels to third Harry Folsom to second 2-0: Called Strike 2-1: Swinging Strike 2-2: Ball 3-2: Base on Balls
|
|
Batting: RHB Willie Benito
|
0-0: Ball 1-0: Called Strike 1-1: SINGLE (Line Drive, 9LS, EV 90.6 MPH) Jeff Sorrels scores Harry Folsom to third John Stevenson to second
|
|
Batting: RHB Jerry Edmiston
|
0-0: SINGLE (Groundball, 6MD, EV 95.0 MPH) Harry Folsom scores John Stevenson to third Willie Benito to second
|
|
Batting: RHB Juan Figueroa
|
0-0: Ball 1-0: Ball Passed Ball! John Stevenson scores Willie Benito to third Jerry Edmiston to second 2-0: Foul Ball, location: 2F 2-1: Foul Ball, location: 2F 2-2: Ball Passed Ball! Willie Benito scores Jerry Edmiston to third 3-2: SINGLE (Groundball, 3S, EV 75.0 MPH) (infield hit) Jerry Edmiston scores
|
|
Batting: LHB Michael Krott
|
0-0: Ball Wild Pitch! Juan Figueroa to second 1-0: Swinging Strike 1-1: Foul Ball, location: 2F 1-2: Ball 2-2: Strikes out looking
|
|
Pitching: RHP Kyle Moser
|
|
|
Batting: LHB Luke Coulter
|
0-0: Foul Ball, location: 2F 0-1: Ball 1-1: Foul Ball, location: 2F 1-2: Ball 2-2: Foul Ball, location: 2F 2-2: Foul Ball, location: 2F 2-2: SINGLE (Groundball, 34S, EV 73.1 MPH) (infield hit) Juan Figueroa to third
|
|
Batting: RHB John Boyer
|
0-0: Called Strike 0-1: Ball 1-1: 3-RUN HOME RUN (Flyball, 7D, EV 105.0 MPH), Distance : 384 ft
|
|
Batting: SHB Jeff Sorrels
|
0-0: Foul Ball, location: 2F 0-1: Ball 1-1: Ball 2-1: Foul Ball, location: 2F 2-2: Ball 3-2: Foul Ball, location: 2F 3-2: Fly out, F7 (Flyball, BS1, EV 108.1 MPH)
|
|
Pitching: LHP Matt Allert
|
|
|
Batting: LHB Harry Folsom
|
0-0: Called Strike 0-1: Swinging Strike 0-2: SINGLE (Line Drive, 8RS, EV 103.1 MPH)
|
|
Batting: RHB John Stevenson
|
0-0: Ball 1-0: Foul Ball, location: 2F 1-1: Ball 2-1: Reached on error, E6 (Groundball, 6, EV 100.6 MPH) Harry Folsom to second
|
|
Batting: RHB Willie Benito
|
0-0: Foul Ball, location: 2F 0-1: Swinging Strike 0-2: Ball 1-2: Strikes out looking
|
| Bottom of the 3rd over - 8 runs, 7 hits, 1 error, 2 left on base; Kingsport 7 - Grand Junction 11 |
| TOP OF THE 4TH |
|
Kingsport Mets batting - Pitching for Grand Junction Rockies : RHP Manny Lebron
|
|
Batting: LHB Jeremy Moorehead
|
0-0: Swinging Strike 0-1: Foul Ball, location: 2F 0-2: Foul Ball, location: 2F 0-2: Ball 1-2: Ball 2-2: Foul Ball, location: 2F 2-2: Ball 3-2: Fly out, F8 (Line Drive, 8RD, EV 100.6 MPH)
|
|
Batting: LHB Matt Baker
|
0-0: TRIPLE (Flyball, 89XD, EV 103.8 MPH)
|
|
Batting: LHB Miguel Ramos
|
0-0: Ball 1-0: Ball 2-0: Foul Ball, location: 2F 2-1: Ball 3-1: Base on Balls
|
|
Batting: RHB Coltin Nellis
|
0-0: Ball 1-0: SINGLE (Groundball, 6D, EV 101.9 MPH) Matt Baker scores Miguel Ramos to second
|
|
Batting: SHB Nick Daigle
|
0-0: Fielders Choice at 2nd, 4-6 (Groundball, 4, EV 110.0 MPH) Miguel Ramos to third
|
|
Batting: RHB Danny Runberg
|
0-0: Called Strike Nick Daigle is caught stealing 2nd base 2-4
|
| Top of the 4th over - 1 run, 2 hits, 0 errors, 1 left on base; Kingsport 8 - Grand Junction 11 |
| BOTTOM OF THE 4TH |
|
Grand Junction Rockies batting - Pitching for Kingsport Mets : LHP Matt Allert
|
|
Batting: RHB Jerry Edmiston
|
0-0: Called Strike 0-1: Ball 1-1: Ball 2-1: Ball 3-1: DOUBLE (Line Drive, 89M, EV 91.9 MPH)
|
|
Batting: RHB Juan Figueroa
|
0-0: Ball 1-0: Foul Ball, location: 2F 1-1: Called Strike 1-2: Reached via error on a dropped throw from 1B, E1 (Groundball, 34, EV 100.6 MPH) Jerry Edmiston to third
|
|
Pitching: RHP Rob Fennell
|
|
|
Batting: LHB Michael Krott
|
0-0: Ball Juan Figueroa steals 2nd base 1-0: Swinging Strike Passed Ball! Jerry Edmiston scores Juan Figueroa to third 1-1: 2-RUN HOME RUN (Flyball, 9D, EV 99.4 MPH), Distance : 404 ft
|
|
Batting: LHB Luke Coulter
|
0-0: Ball 1-0: SOLO HOME RUN (Flyball, 9D, EV 103.1 MPH), Distance : 394 ft
|
|
Batting: RHB John Boyer
|
0-0: Ball 1-0: Ball 2-0: Ball 3-0: Called Strike 3-1: Foul Ball, location: 2F 3-2: Base on Balls
|
|
Batting: SHB Jeff Sorrels
|
0-0: Ball Passed Ball! John Boyer to second 1-0: Ball 2-0: Ball 3-0: Called Strike 3-1: Foul Ball, location: 2F 3-2: Base on Balls
|
|
Batting: LHB Harry Folsom
|
0-0: Ball Passed Ball! John Boyer to third Jeff Sorrels to second 1-0: Ball Passed Ball! John Boyer scores Jeff Sorrels to third 2-0: Ball Wild Pitch! Jeff Sorrels scores 3-0: Base on Balls
|
|
Pitching: LHP Tony Diaz
|
|
|
Batting: RHB John Stevenson
|
0-0: Swinging Strike 0-1: Swinging Strike 0-2: Reached on error, E6 (Groundball, 6, EV 90.0 MPH) Harry Folsom to second
|
|
Batting: RHB Willie Benito
|
0-0: Ball Passed Ball! Harry Folsom to third John Stevenson to second 1-0: Called Strike 1-1: Ball 2-1: Foul Ball, location: 2F 2-2: Ball Wild Pitch! Harry Folsom scores John Stevenson to third 3-2: Base on Balls
|
|
Batting: RHB Jerry Edmiston
|
0-0: SINGLE (Line Drive, 56, EV 98.1 MPH) John Stevenson scores Willie Benito to second
|
|
Batting: RHB Juan Figueroa
|
0-0: Ball 1-0: Foul Ball, location: 2F 1-1: Ball Passed Ball! Willie Benito to third Jerry Edmiston to second 2-1: Ball 3-1: Base on Balls
|
|
Batting: LHB Michael Krott
|
0-0: Fly out, F6 (Popup, 6MS, EV 68.8 MPH)
|
|
Batting: LHB Luke Coulter
|
0-0: SINGLE (Groundball, 6MD, EV 95.6 MPH) Willie Benito scores Jerry Edmiston to third Juan Figueroa to second Runner from 3rd tries for Home, throw by CF and OUT! 8-2
|
|
Batting: RHB John Boyer
|
0-0: Ball 1-0: Swinging Strike 1-1: Ball Passed Ball! Juan Figueroa to third Luke Coulter to second 2-1: Foul Ball, location: 2F 2-2: Ball 3-2: Foul Ball, location: 2F 3-2: Foul Ball, location: 2F 3-2: Foul Ball, location: 2F 3-2: Foul Ball, location: 2F 3-2: Base on Balls
|
|
Pitching: RHP Chris Graham
|
|
|
Batting: SHB Jeff Sorrels
|
0-0: Called Strike 0-1: Swinging Strike 0-2: Foul Ball, location: 2F 0-2: Foul Ball, location: 2F 0-2: Ball Wild Pitch! Juan Figueroa scores Luke Coulter to third John Boyer to second 1-2: Ball 2-2: Foul Ball, location: 2F 2-2: Foul Ball, location: 2F 2-2: Ground out 5-3 (Groundball, 56, EV 99.4 MPH)
|
| Bottom of the 4th over - 10 runs, 5 hits, 2 errors, 2 left on base; Kingsport 8 - Grand Junction 21 |
| TOP OF THE 5TH |
|
Kingsport Mets batting - Pitching for Grand Junction Rockies : RHP Manny Lebron
|
|
Batting: RHB Danny Runberg
|
0-0: Called Strike 0-1: Ball 1-1: Fly out, F6 (Popup, 4MD, EV 55.0 MPH)
|
|
Batting: LHB Jason Jones
|
0-0: Ball 1-0: Foul Ball, location: 2F 1-1: Fly out, F8 (Flyball, 8LD, EV 91.2 MPH)
|
|
Batting: RHB Warren Carmichael
|
0-0: Ball 1-0: Ball 2-0: Ball 3-0: Called Strike 3-1: Base on Balls
|
|
Pitching: RHP David Landa
|
|
|
Batting: RHB Roberto Delgado
|
0-0: Fly out, F8 (Flyball, 8RD, EV 93.1 MPH)
|
| Top of the 5th over - 0 runs, 0 hits, 0 errors, 1 left on base; Kingsport 8 - Grand Junction 21 |
| BOTTOM OF THE 5TH |
|
Grand Junction Rockies batting - Pitching for Kingsport Mets : RHP Chris Graham
|
|
Batting: LHB Harry Folsom
|
0-0: Foul Ball, location: 2F 0-1: Foul Ball, location: 2F 0-2: Fly out, F8 (Flyball, 8RD, EV 98.1 MPH)
|
|
Batting: RHB John Stevenson
|
0-0: Ball 1-0: Fly out, F8 (Flyball, 8LM, EV 80.0 MPH)
|
|
Batting: RHB Willie Benito
|
0-0: Swinging Strike 0-1: Called Strike 0-2: Fly out, F8 (Flyball, 8RD, EV 105.0 MPH)
|
| Bottom of the 5th over - 0 runs, 0 hits, 0 errors, 0 left on base; Kingsport 8 - Grand Junction 21 |
| TOP OF THE 6TH |
|
Kingsport Mets batting - Pitching for Grand Junction Rockies : RHP David Landa
|
|
Batting: LHB Jeremy Moorehead
|
0-0: Called Strike 0-1: Ground out 1-3 (Groundball, 15S, EV 60.0 MPH)
|
|
Batting: LHB Matt Baker
|
0-0: Foul Ball, location: 2F 0-1: Ball 1-1: Ball 2-1: Ground out 5-3 (Groundball, 56, EV 78.1 MPH)
|
|
Batting: LHB Miguel Ramos
|
0-0: Called Strike 0-1: Ball 1-1: Foul Ball, location: 2F 1-2: Ball 2-2: Foul Ball, location: 2F 2-2: Ground out 3-1 (Groundball, 3D, EV 110.6 MPH)
|
| Top of the 6th over - 0 runs, 0 hits, 0 errors, 0 left on base; Kingsport 8 - Grand Junction 21 |
| BOTTOM OF THE 6TH |
|
Grand Junction Rockies batting - Pitching for Kingsport Mets : RHP Chris Graham
|
|
Batting: RHB Jerry Edmiston
|
0-0: Ball 1-0: SINGLE (Groundball, P, EV 84.4 MPH) (infield hit)
|
|
Batting: RHB Juan Figueroa
|
0-0: Called Strike 0-1: Ball 1-1: Ball 2-1: Fly out, F9 (Line Drive, 9LS, EV 95.0 MPH)
|
|
Batting: LHB Michael Krott
|
0-0: Ball 1-0: Grounds into double play, 4-6-3 (Groundball, 4M, EV 85.0 MPH)
|
| Bottom of the 6th over - 0 runs, 1 hit, 0 errors, 0 left on base; Kingsport 8 - Grand Junction 21 |
| TOP OF THE 7TH |
|
Kingsport Mets batting - Pitching for Grand Junction Rockies : RHP David Landa
|
|
Batting: RHB Coltin Nellis
|
0-0: Ball 1-0: SINGLE (Line Drive, 78S, EV 102.5 MPH)
|
|
Batting: SHB Nick Daigle
|
0-0: Ball 1-0: Ball 2-0: Ball Wild Pitch! Coltin Nellis to second 3-0: Fly out, F8 (Flyball, 8LD, EV 91.2 MPH)
|
|
Batting: RHB Danny Runberg
|
0-0: Called Strike 0-1: Called Strike 0-2: Strikes out swinging
|
|
Batting: LHB Jason Jones
|
0-0: Fly out, F9 (Line Drive, 9D, EV 102.5 MPH)
|
| Top of the 7th over - 0 runs, 1 hit, 0 errors, 1 left on base; Kingsport 8 - Grand Junction 21 |
| BOTTOM OF THE 7TH |
|
Grand Junction Rockies batting - Pitching for Kingsport Mets : RHP Chris Graham
|
|
Batting: LHB Luke Coulter
|
0-0: Ball 1-0: Ball 2-0: Ball 3-0: Called Strike 3-1: Foul Ball, location: 2F 3-2: Base on Balls
|
|
Batting: RHB John Boyer
|
0-0: Called Strike 0-1: Fly out, F7 (Flyball, 78D, EV 99.4 MPH)
|
|
Pitching: LHP Dan Bremseth
|
|
|
Batting: SHB Jeff Sorrels
|
0-0: Ball 1-0: Foul Ball, location: 2F 1-1: Ball 2-1: Ball 3-1: Base on Balls Luke Coulter to second
|
|
Batting: LHB Harry Folsom
|
0-0: Ball Passed Ball! Luke Coulter to third Jeff Sorrels to second 1-0: Swinging Strike 1-1: Ball 2-1: Ball 3-1: Foul Ball, location: 2F 3-2: Foul Ball, location: 2F 3-2: Base on Balls
|
|
Batting: RHB John Stevenson
|
0-0: Ball 1-0: Foul Ball, location: 2F 1-1: Foul Ball, location: 2F 1-2: Fielders Choice at 2nd, 6-4 (Groundball, 6, EV 107.5 MPH) Luke Coulter scores Jeff Sorrels to third
|
|
Batting: RHB Willie Benito
|
0-0: SINGLE (Groundball, 56D, EV 98.8 MPH) Jeff Sorrels scores John Stevenson to second
|
|
Batting: RHB Jerry Edmiston
|
0-0: Fly out, F7 (Line Drive, 7, EV 95.6 MPH)
|
| Bottom of the 7th over - 2 runs, 1 hit, 0 errors, 2 left on base; Kingsport 8 - Grand Junction 23 |
| TOP OF THE 8TH |
|
Kingsport Mets batting - Pitching for Grand Junction Rockies : RHP David Landa
|
|
Pitching: RHP Zi-cheng Zhou
|
|
|
Batting: RHB Warren Carmichael
|
0-0: Ball 1-0: Fly out, F9 (Flyball, 9, EV 98.8 MPH)
|
|
Batting: RHB Roberto Delgado
|
0-0: Foul Ball, location: 2F 0-1: Called Strike 0-2: Ball 1-2: Strikes out swinging
|
|
Batting: LHB Jeremy Moorehead
|
0-0: Swinging Strike 0-1: Called Strike 0-2: Ball 1-2: Ground out U3 (Groundball, 13, EV 80.0 MPH)
|
| Top of the 8th over - 0 runs, 0 hits, 0 errors, 0 left on base; Kingsport 8 - Grand Junction 23 |
| BOTTOM OF THE 8TH |
|
Grand Junction Rockies batting - Pitching for Kingsport Mets : LHP Dan Bremseth
|
|
Pitching: RHP Tyler Maddux
|
|
|
Batting: RHB Juan Figueroa
|
0-0: Ball 1-0: Ball 2-0: Ball 3-0: Called Strike 3-1: Base on Balls
|
|
Batting: LHB Michael Krott
|
0-0: Ball 1-0: Foul Ball, location: 2F 1-1: Ball 2-1: Fly out, F8 (Flyball, 78M, EV 73.1 MPH)
|
|
Batting: LHB Luke Coulter
|
0-0: Ball 1-0: Called Strike 1-1: Ball 2-1: Ball 3-1: Called Strike 3-2: Foul Ball, location: 2F 3-2: Foul Ball, location: 2F 3-2: Base on Balls Juan Figueroa to second
|
|
Batting: RHB John Boyer
|
0-0: Ball 1-0: Fly out, F8 (Line Drive, 8LM, EV 90.0 MPH)
|
|
Batting: SHB Jeff Sorrels
|
0-0: Foul Ball, location: 2F 0-1: Ball 1-1: 3-RUN HOME RUN (Flyball, 7LD, EV 92.5 MPH), Distance : 338 ft
|
|
Batting: LHB Harry Folsom
|
0-0: Ball 1-0: Ball 2-0: Called Strike 2-1: DOUBLE (Groundball, 3L, EV 105.6 MPH)
|
|
Batting: RHB John Stevenson
|
0-0: Called Strike Balk! Harry Folsom to third 0-1: Ball Wild Pitch! Harry Folsom scores 1-1: Ball 2-1: Ball 3-1: Base on Balls
|
|
Pitching: RHP Andy Carrell
|
|
|
Batting: RHB Willie Benito
|
0-0: Called Strike 0-1: Foul Ball, location: 2F 0-2: 2-RUN HOME RUN (Flyball, 7D, EV 99.4 MPH), Distance : 376 ft
|
|
Batting: RHB Jerry Edmiston
|
0-0: Ball 1-0: Ball 2-0: Ball 3-0: Called Strike 3-1: Ground out 5-3 (Groundball, 15, EV 88.8 MPH)
|
| Bottom of the 8th over - 6 runs, 3 hits, 0 errors, 0 left on base; Kingsport 8 - Grand Junction 29 |
| TOP OF THE 9TH |
|
Kingsport Mets batting - Pitching for Grand Junction Rockies : RHP Zi-cheng Zhou
|
|
Batting: LHB Matt Baker
|
0-0: Called Strike 0-1: Swinging Strike 0-2: Ground out 5-3 (Groundball, 56S, EV 85.6 MPH)
|
|
Batting: LHB Miguel Ramos
|
0-0: Ball 1-0: SOLO HOME RUN (Flyball, 9LD, EV 95.0 MPH), Distance : 361 ft
|
|
Batting: RHB Coltin Nellis
|
0-0: Ball 1-0: Ball 2-0: DOUBLE (Line Drive, 8LD, EV 110.6 MPH)
|
|
Batting: SHB Nick Daigle
|
0-0: Called Strike 0-1: Ball 1-1: Ball 2-1: Ball Wild Pitch! Coltin Nellis to third 3-1: Base on Balls
|
|
Batting: RHB Danny Runberg
|
0-0: Ball 1-0: Ball 2-0: Ball 3-0: Called Strike 3-1: Foul Ball, location: 2F 3-2: Foul Ball, location: 2F 3-2: Hit by Pitch Nick Daigle to second
|
|
Batting: LHB Jason Jones
|
0-0: Ball 1-0: Fielders Choice at 2nd, 6-4 (Groundball, 6MD, EV 80.0 MPH) Coltin Nellis scores Nick Daigle to third
|
|
Batting: RHB Warren Carmichael
|
0-0: Called Strike 0-1: Ball 1-1: Fielders Choice at 2nd, 6-4 (Groundball, 6, EV 84.4 MPH)
|
| Top of the 9th over - 2 runs, 2 hits, 0 errors, 2 left on base; Kingsport 10 - Grand Junction 29 |
|